AoeStats
← rafaelarpad

Arena

508410865Analyzed
1v1 RM · 8d ago on Sep 22, 2026· 56m 57s· 2 players
Game mode
Random Map
Map size
Tiny (2 player)
Population
200
Speed
Normal
Resources
Standard
Victory
Conquest
Starting age
Dark Age
Ending age
Imperial Age
RankedLock teamsTeams togetherTeam positionsShared explorationLock speedFull tech treeHidden civsTurbo modeCheats
Victory
Defeat
🇨🇭 Khitans · Switzerland
967
+17
🇨🇳 Spanish · China
983
-17
rafaelarpad
11:23 Feudal Age
12:10 Loom
16:03 Castle Age
14:19 Forging
14:44 Double-Bit Axe
15:26 Domestication
17:10 Light Cavalry
19:02 Pastoralism
19:50 Gold Mining
20:07 Husbandry
21:21 Fervor
21:38 Bow Saw
22:19 Scale Barding Armor
24:05 Iron Casting
25:16 Wheelbarrow
24:41 Town Watch
27:06 Chain Barding Armor
29:54 Sanctity
35:33 Imperial Age
33:43 Fletching
33:54 Padded Archer Armor
34:18 Ballistics
34:30 Treadmill Crane
36:06 Devotion
36:42 Conscription
36:49 Masonry
37:21 Bodkin Arrow
38:04 Plate Barding Armor
38:32 Elite Skirmisher
40:05 Bracer
41:42 Leather Archer Armor
43:47 Chemistry
42:54 Siege Engineers
43:43 Ring Archer Armor
42:42 Heavy Camel Rider
43:32 Ordo Cavalry
44:26 Transhumance
44:17 Lamellar Armor
47:55 Murder Holes
55:40 Hussar
逆天
10:58 Feudal Age
12:35 Loom
14:59 Castle Age
16:54 Double-Bit Axe
17:07 Loom
17:43 Horse Collar
25:43 Wheelbarrow
26:32 Forging
31:14 Imperial Age
29:02 Hand Cart
28:38 Town Watch
30:14 Gold Mining
31:06 Stone Mining
31:17 Fletching
31:31 Padded Archer Armor
33:39 Bloodlines
33:30 Husbandry
34:38 Chemistry
33:59 Ballistics
33:17 Onager
34:55 Heavy Plow
35:09 Bow Saw
35:34 Conscription
36:26 Leather Archer Armor
35:56 Elite Conquistador
36:48 Squires
36:34 Arson
36:10 Pikeman
38:10 Iron Casting
37:36 Scale Mail Armor
39:14 Halberdier
45:21 Blast Furnace
44:37 Chain Mail Armor
45:16 Bombard Tower
45:08 Masonry
45:10 Capped Ram
45:34 Light Cavalry
50:06 Scale Barding Armor
49:57 Bodkin Arrow
49:58 Cavalier
51:37 Coinage
51:19 Guilds
51:42 Chain Barding Armor
52:59 Plate Barding Armor
52:26 Bracer
53:15 Paladin
57:23 Two-Man Saw
Connection lost

Rejoining the realm…

Still unreachable

The connection could not be restored.

Session expired

The server has moved on; the page needs a fresh start.